 Dungeon Crawl Stone Soup version 0.19.1 (webtiles) character file.

1447 WanderingOwl the Covert (level 8, -1/58 HPs)
             Began as a Vampire Assassin on Dec 2, 2016.
             Was a Follower of Trog.
             Slain by Scuka's ghost (8 damage)
             ... on level 6 of the Dungeon.
             The game lasted 00:38:53 (4796 turns).

WanderingOwl the Covert (Vampire Assassin)          Turns: 4796, Time: 00:38:57

Health: -1/58      AC:  4    Str: 10    XL:     8   Next: 46%
Magic:  8/8        EV: 13    Int: 13    God:    Trog [*.....]
Gold:   236        SH:  0    Dex: 18    Spells: 0 memorised, 7 levels left

rFire  . . .     SeeInvis +     y - +4 dagger
rCold  . . .     Gourm    .     c - +0 robe
rNeg   + . .     Faith    .     (no shield)
rPois  .         Spirit   .     (no helmet)
rElec  .         Reflect  .     E - +1 cloak
rCorr  .         Harm     .     (no gloves)
MR     .....                    (no boots)
Stlth  +++++.....               (no amulet)
                                (no ring)
                                (no ring)

@: no status effects
A: fangs 3, see invisible, unbreathing
a: Bat Form, Berserk, Burn Spellbooks, Renounce Religion


You were on level 6 of the Dungeon.
You worshipped Trog.
Trog was aware of your devotion.
You were not thirsty.

You visited 1 branch of the dungeon, and saw 6 of its levels.

You collected 326 gold pieces.
You spent 90 gold pieces at shops.

Inventory:

Hand Weapons
 a - a +2 dagger
 b - a +0 blowgun
 y - a +4 dagger (weapon)
Missiles
 e - 22 poisoned needles
 f - 2 curare-tipped needles
Armour
 c - a +0 robe (worn)
 d - a +0 cloak
 E - a +1 cloak (worn)
Jewellery
 C - a +1 ring of protection {unknown}
Wands
 F - a wand of lightning (7/15)
Scrolls
 h - 2 scrolls of blinking {unknown}
 j - 3 scrolls of enchant weapon {unknown}
 m - a scroll of fog {unknown}
 p - 2 scrolls of remove curse {unknown}
 q - 4 scrolls of identify
 v - a scroll of noise {unknown}
 w - 2 scrolls of teleportation {unknown}
 A - a scroll of amnesia {unknown}
Potions
 g - 12 potions of blood
 i - a potion of heal wounds
 l - 4 potions of agility
 n - a potion of ambrosia {unknown}
 o - 2 potions of invisibility {unknown}
 r - 4 potions of curing {unknown}
 s - a potion of mutation {unknown}
 t - 2 potions of berserk rage
 u - a potion of lignification {unknown}
 x - a potion of degeneration {unknown}
 z - 3 potions of haste {unknown}
 B - a potion of flight {unknown}
Comestibles
 k - 3 fruits
 D - a bread ration


   Skills:
 + Level 3.0 Fighting
 * Level 6.8 Short Blades
 + Level 1.9 Throwing
 + Level 2.7 Dodging
 * Level 12.9 Stealth


You had 7 spell levels left.
You didn't know any spells.

Dungeon Overview and Level Annotations

Branches:
Dungeon (6/15)             Temple (0/1) D:4

Altars:
Cheibriados
Gozag
Trog

Shops:
D:2 *   D:4 !

Annotations:
D:6 Scuka's ghost, novice KoBe


Innate Abilities, Weirdness & Mutations

You have razor-sharp teeth.
You have supernaturally acute eyesight. (SInv)
You can survive without breathing.


Message History

Scuka's ghost completely misses you.
You hit Scuka's ghost.
Scuka's ghost is heavily damaged.
You hit Scuka's ghost.
Scuka's ghost is heavily damaged.
Scuka's ghost hits you.
* * * LOW HITPOINT WARNING * * *
You hit Scuka's ghost.
Scuka's ghost is heavily damaged.
Scuka's ghost hits you!
* * * LOW HITPOINT WARNING * * *
You hit Scuka's ghost but do no damage.
Scuka's ghost is heavily damaged.
You hit Scuka's ghost but do no damage.
Scuka's ghost is heavily damaged.
Scuka's ghost keens inconsolably.
Scuka's ghost hits you.
* * * LOW HITPOINT WARNING * * *
You are electrocuted!
You die...

....... [......
....... ......
...... .####. # #
.# #_. ._# .#
#..#######..# .#
#....W@...# .#
#####.##### .#
##'# .# ######..#
.# ######<.....##
># #....######.#
.# #....######.#
.# #....##.....##
.#
#......†..........


You could see Scuka's ghost.

Vanquished Creatures
  A gargoyle (D:5)
  Sigmund (D:2)
  A phantom (D:4)
  3 ogres
  A centaur (D:6)
  A water moccasin zombie (D:6)
  A crimson imp (D:6)
  An orc priest (D:4)
  3 hounds
  An orc wizard (D:4)
  A centaur skeleton (D:4)
  Ijyb (D:3)
  An iguana (D:6)
  4 worker ants
  A hound zombie (D:5)
  2 hound skeletons (D:4)
  3 gnolls (D:6)
  3 adders
  2 shadow imps (D:6)
  An ooze (D:4)
  2 worms
  2 dart slugs
  5 leopard geckos
  6 orcs
  2 bats (D:3)
  9 goblins
  6 hobgoblins
  8 jackals
  5 kobolds
  3 quokkas (D:4)
  4 frilled lizards
  5 rats
90 creatures vanquished.

Notes
Turn   | Place    | Note
-------+----------+-------------------------------------------
     0 | D:1      | WanderingOwl the Vampire Assassin began the quest for the Orb.
     0 | D:1      | Reached XP level 1. HP: 16/16 MP: 1/1
    10 | D:1      | Reached skill level 6 in Stealth
   173 | D:1      | Reached XP level 2. HP: 22/22 MP: 2/2
   646 | D:2      | Found Gozag's Platinum Reserve.
   653 | D:2      | Found an opulent altar of Gozag.
   838 | D:2      | Reached skill level 7 in Stealth
   866 | D:2      | Noticed Sigmund
   873 | D:2      | Killed Sigmund
   873 | D:2      | Reached skill level 8 in Stealth
   873 | D:2      | Reached XP level 3. HP: 27/27 MP: 3/3
   873 | D:2      | Reached XP level 4. HP: 33/33 MP: 4/4
   873 | D:2      | Reached XP level 5. HP: 38/38 MP: 5/5
   936 | D:2      | Found a snail-covered altar of Cheibriados.
  1002 | D:2      | Reached skill level 9 in Stealth
  1590 | D:3      | Noticed Ijyb
  1597 | D:3      | Killed Ijyb
  2013 | D:4      | Found a bloodstained altar of Trog.
  2020 | D:4      | Became a worshipper of Trog the Wrathful
  2082 | D:4      | Reached XP level 6. HP: 23/44 MP: 6/6
  2389 | D:4      | Reached skill level 10 in Stealth
  2474 | D:4      | Found a staircase to the Ecumenical Temple.
  2493 | D:4      | Found Qumew's Distillery.
  2500 | D:4      | Bought a potion of heal wounds for 50 gold pieces
  2500 | D:4      | Bought a potion of agility for 40 gold pieces
  2919 | D:4      | Reached XP level 7. HP: 26/50 MP: 7/7
  3018 | D:4      | Reached skill level 11 in Stealth
  3447 | D:4      | Reached * piety under Trog
  3632 | D:4      | Reached skill level 5 in Short Blades
  3772 | D:5      | Entered Level 5 of the Dungeon
  4016 | D:5      | Noticed a gargoyle
  4020 | D:5      | Killed a gargoyle
  4020 | D:5      | Reached skill level 12 in Stealth
  4020 | D:5      | Reached XP level 8. HP: 57/57 MP: 8/8
  4339 | D:5      | Found a bloodstained altar of Trog.
  4752 | D:6      | Found a faded altar of an unknown god.
  4752 | D:6      | Found a faded altar of an unknown god.
  4752 | D:6      | Noticed Scuka's ghost (novice KoBe)
  4796 | D:6      | Slain by Scuka's ghost

Skill      XL: |  1  2  3  4  5  6  7  8 |
---------------+-------------------------+-----
Stealth        | 6 8 9 10 12 | 12.9
Fighting       | 2 3 |  3.0
Short Blades   | 3 4 5 6 |  6.8
Dodging        | 2 |  2.7
Throwing       | |  1.9

Action                   |  1- 3 |  4- 6 |  7- 9 || total
-------------------------+-------+-------+-------++-------
Melee: Dagger            |    38 |    85 |   210 ||   333
       Bite              |       |     7 |    20 ||    27
  Use: Potion            |       |     7 |     7 ||    14
       Scroll            |       |     3 |       ||     3
 Stab: Sleeping          |    11 |    12 |    15 ||    38
       Distracted        |     1 |     1 |     2 ||     4
Armor: Robe              |     4 |     5 |    18 ||    27
Dodge: Dodged            |    10 |    39 |   107 ||   156
